[Event "Israel Open Championship 2023"]
[Site "Acre"]
[Date "2024.01.29"]
[Round "9.20"]
[White "Streltsov, Alexey"]
[Black "Azoulay, Yehonatan"]
[Result "1-0"]
[ECO "B27"]
[WhiteElo "2341"]
[BlackElo "2008"]
[Annotator "RC"]
[PlyCount "141"]
[EventDate "2024.01.18"]
[EventType "swiss"]
[EventCountry "ISR"]
[SourceTitle "playchess.com"]
[Source "ChessBase"]
[SourceQuality "1"]
[TimeControl "5400+30"]

1. e4 c5 2. Nf3 g6 3. d4 cxd4 4. Qxd4 Nf6 5. Qa4 Nc6 6. Nc3 d6 7. e5 dxe5 8. Nxe5 Bd7 9. Nxd7 Nxd7 10. Be3 Bg7 11. Be2 O-O 12. Rd1 Qc8 13. Nd5 Re8 14. c3 e6 15. Nf4 Nb6 16. Qb5 Ne5 17. O-O Nec4 18. Bc1 a6 19. Qg5 Qc7 20. h4 Rad8 21. Qg3 e5 22. Nh3 a5 23. h5 Nd6 24. Bd3 e4 25. Bc2 Qe7 26. hxg6 hxg6 27. Bg5 Bf6 28. Qh4 Nd7 29. Qf4 Bxg5 30. Nxg5 Nf6 31. Bb3 Kg7 32. Rfe1 Rh8 33. Rd4 Rh5 34. f3 Nf5 35. Rxd8 Qxd8 36. Nxe4 Nxe4 37. fxe4 Qb6+ 38. Kf1 Rh1+ 39. Ke2 Rh4 40. g4 Nh6 41. Qe5+ Kh7 42. g5 Ng4 43. Qf4 Rh2+ 44. Kd1 Nf2+ 45. Kc2 Ng4+ 46. Kb1 Qf2 47. Qxf7+ Qxf7 48. Bxf7 Ne5 49. Bb3 Rg2 50. Rd1 Rxg5 51. Rd5 b6 52. a4 Rg1+ 53. Kc2 Rg2+ 54. Kc1 Rg1+ 55. Bd1 Nc4 56. b4 g5 57. Rd4 Ne5 58. bxa5 bxa5 59. Rd5 Nc4 60. e5 Re1 61. Rc5 Nxe5 62. Kd2 Nf3+ 63. Bxf3 Ra1 64. Rxa5 Kg6 65. Bg4 Rg1 66. Ra6+ Kg7 67. Bf5 Kf7 68. Rg6 Rg2+ 69. Kd3 Rf2 70. Rxg5 Kf6 71. Rh5 1-0

[Event "Israel Open Championship 2023"]
[Site "Acre"]
[Date "2024.01.29"]
[Round "9.21"]
[White "Kraus, Ohad"]
[Black "Shilon Rahav, Eliran"]
[Result "1-0"]
[ECO "D31"]
[WhiteElo "2325"]
[BlackElo "2004"]
[Annotator "TA"]
[PlyCount "71"]
[EventDate "2024.01.18"]
[EventType "swiss"]
[EventCountry "ISR"]
[SourceTitle "playchess.com"]
[Source "ChessBase"]
[SourceQuality "1"]
[TimeControl "5400+30"]

1. d4 d5 2. c4 e6 3. Nc3 c6 4. e4 dxe4 5. Nxe4 Bb4+ 6. Bd2 Qxd4 7. Bxb4 Qxe4+ 8. Be2 Na6 9. Ba3 ({Better is} 9. Ba5 $11 Bd7 10. Nf3) 9... c5 10. Qd6 Bd7 11. Nf3 (11. Bxc5 $15 Nxc5 (11... Qxg2 12. Qf8#) 12. Qxc5) 11... Nh6 $17 12. Nd2 (12. Bxc5 $2 Nf5 13. Qd2 Nxc5 $19) 12... Qg6 13. Bd3 (13. Bxc5 $2 Nf5 (13... Qxg2 14. Qe7#) 14. Qf4 Nxc5 $19) 13... f5 (13... Nf5 $17 14. Qe5 f6 15. Bxf5 Qxf5 16. Qxf5 exf5) 14. Bxc5 $15 Nxc5 15. Qxc5 Qxg2 16. O-O-O Ng4 17. Bxf5 $1 Qxf2 $1 (17... exf5 $6 18. Rhe1+ Kf7 19. Qe7+ (19. Re7+ Kg6 $18) 19... Kg6 20. Qxd7 $16) 18. Ne4 Qe3+ (18... Qxf5 $2 19. Nd6+ Kd8 20. Nxb7+ (20. Nxf5 Nf6 $18) 20... Ke8 21. Nd6+ Kd8 22. Nxf5 $18) 19. Kb1 $1 {[%emt 0:02:57] Chess con chili.} (19. Qxe3 $2 Nxe3 20. Rxd7 Kxd7 $19) 19... Qxc5 20. Nxc5 $40 {[%emt 0:00:03][%mdl 128] White mounts an attack.} Ne3 ({Black should play} 20... Nf6 $14 21. Nxd7 (21. Nxe6 g6 $14) (21. Bxe6 Bxe6 22. Nxe6 Kf7 $16) 21... Nxd7 (21... exf5 22. Nxf6+ gxf6 23. Rhe1+ Kf8 24. Rd6 $16) 22. Bxe6 Nc5) 21. Rxd7 $16 Nxf5 22. Rxb7 {[%emt 0:00:16] White is much more active. The black rooks are passive.} O-O 23. Nxe6 Rf6 {[%emt 0:01:22] [#]} 24. Ng5 (24. Rf1 $1 $18 {[%cal Oe6g7] Hoping for Nxg7!} g6 25. Ng5) 24... Rg6 {[%emt 0:01:34] A mistake that costs the game.} (24... Nd6 $1 $11 25. Re7 Nxc4) 25. Nf3 $18 Re8 (25... Nd6 $16 26. Rc7 Rf6) 26. c5 Re3 27. Rb8+ Kf7 28. Rf1 Ke7 29. Nd2 Nd4 30. Nc4 Re2 (30... Re4 $142 31. Nd6 Reg4) 31. Rd1 Rg4 32. h3 Rf4 33. a3 Rc2 $2 (33... Nc6 {is a better defense.} 34. Rb7+ Kf6) 34. Rb7+ (34. Rb4 $142 Re2 35. Nd6) 34... Kf6 (34... Ke6 $142) 35. Nd6 {[%emt 0:00:44] [#] Strongly threatening Rf7+.} Rxc5 36. Rf7+ {[%emt 0:00:05] Weighted Error Value: White=0.33/Black=0.41.  Missed win:     	White=1     	---        Mistake:       	White=2     	Black=7      Inaccurate:     	---       	Black=3      OK:         	White=10    	Black=7      Best:        	White=3     	Black=2      Strong:       	White=2     	Black=1} ({Resist} 36. Rxa7 $6 Ke6 $16) 1-0

[Event "Israel Open Championship 2023"]
[Site "Acre"]
[Date "2024.01.29"]
[Round "9.22"]
[White "Kupervaser, Erez"]
[Black "Kinberg, Ofer"]
[Result "1-0"]
[ECO "A08"]
[WhiteElo "2250"]
[BlackElo "1927"]
[Annotator "TA"]
[PlyCount "95"]
[EventDate "2024.01.18"]
[EventType "swiss"]
[EventCountry "ISR"]
[SourceTitle "playchess.com"]
[Source "ChessBase"]
[SourceQuality "1"]
[TimeControl "5400+30"]

1. Nf3 d5 2. g3 Nf6 3. Bg2 e6 4. O-O c5 5. d3 Nc6 6. Na3 Be7 7. Bf4 a6 8. e4 {[%emt 0:02:51] The position is equal.} O-O 9. c3 b5 10. e5 Nd7 11. d4 c4 (11... b4 $15 12. Nc2 a5) 12. Nc2 $11 b4 13. h4 h6 14. Ne3 Re8 (14... Qe8 $14) 15. h5 (15. Nh2 $16) 15... a5 16. Nd2 Ra6 17. Qg4 Kh8 18. Qf3 a4 19. a3 bxc3 20. bxc3 Na5 21. Ng4 Bf8 22. Rfe1 (22. Bxh6 $2 gxh6 23. Qxf7 Re7 $19) 22... Nb3 (22... Rb6 $15 {might be stronger.}) 23. Ra2 Nb8 24. Bf1 (24. Bxh6 gxh6 25. Qxf7 Re7 $19) (24. Qe3 $11) 24... Nc6 $15 25. Nxc4 dxc4 $19 26. Bxh6 $2 (26. Bxc4 {was necessary.} Nca5 27. Bxa6 Bxa6 28. Bxh6 gxh6 29. Qf4) 26... gxh6 27. Nf6 {[%emt 0:00:45][%cal Of3e4] [#]} (27. Qxf7 Bg7 (27... Ra7 $2 28. Qf6+ Bg7 29. Qxd8 $19) 28. Ne3 Rf8 $19) 27... Bg7 $1 {[%emt 0:07:03] White must now prevent ...Bxf6.} 28. Bxc4 Bxf6 29. exf6 Ra5 30. Qxc6 Qd7 (30... Rxh5 31. Bd3 Rg8 32. Qe4) (30... Rg8 $1 $19 31. Re3 Rxh5 (31... Qxf6 32. d5 $17)) 31. Qe4 $17 Bb7 {[%emt 0:00:32] Against d5} (31... Rxh5 $2 32. Bd3 Rf5 33. Qh4 $18) 32. d5 {[%emt 0:01:09] [#]} Rxd5 (32... Bxd5 33. Qe3 Kh7 34. Bd3+) 33. Bxd5 Qxd5 ({Much weaker is} 33... Bxd5 $6 34. Qe3 Kh7 35. Qd3+ Kh8 36. Qe3 $11) 34. Qxd5 Bxd5 35. c4 Bxc4 {[%emt 0:00:17] ...Nd4 would now be deadly.} 36. Rc2 {[%emt 0:00:46] [#]} Bd5 (36... Nd4 $1 $19 {[%cal Rd4c2] has better winning chances.} 37. Rxc4 Nf3+ 38. Kh1 (38. Kf1 $2 Nd2+ 39. Kg1 Nxc4 $19) 38... Nxe1 39. Rxa4 Rc8) 37. Rc7 Kg8 38. Rd1 {[%emt 0:01:33] Inhibits Nd4.} Ra8 (38... Bf3 $1 $15 39. Rdd7 Rf8 (39... Bxh5 40. g4 $15)) 39. f4 (39. g4 $14) 39... Rb8 (39... Bf3 $1 $15 40. Rdd7 Bxh5) 40. g4 $11 Re8 $2 (40... Na5 $1 $11 {and Black is okay.}) 41. Kf2 $18 Rb8 (41... Rf8 $142 42. g5 Na5) 42. g5 {[%emt 0:00:00] Threatens to win with g6.} hxg5 (42... Rf8 43. Ke3 (43. gxh6 Kh7 $11) 43... Na5) 43. fxg5 {[%emt 0:00:00] aiming for g6.} Na5 (43... Rf8 $142 44. Ke3 Na5) 44. g6 fxg6 45. hxg6 {[%emt 0:00:00] White mates.} Rf8 46. Rg7+ Kh8 47. Rh7+ Kg8 48. f7+ {[%emt 0:00:00] Weighted Error Value: White=0.28 (precise) /Black=0.52.  Loses game:     	---       	Black=1      Mistake:       	White=5     	Black=10     Inaccurate:     	White=2     	Black=3      OK:         	White=6     	Black=13     Best:        	White=6     	Black=1} 1-0

[Event "Israel Open Championship 2023"]
[Site "Acre"]
[Date "2024.01.29"]
[Round "9.23"]
[White "Vardi, Daniel"]
[Black "Iliaguev, Daniel"]
[Result "1-0"]
[ECO "B31"]
[WhiteElo "1791"]
[BlackElo "2153"]
[Annotator "TA"]
[PlyCount "88"]
[EventDate "2024.01.18"]
[EventType "swiss"]
[EventCountry "ISR"]
[SourceTitle "playchess.com"]
[Source "ChessBase"]
[SourceQuality "1"]
[TimeControl "5400+30"]

1. e4 c5 2. Nf3 Nc6 3. Bb5 g6 4. O-O Bg7 5. c3 Nf6 6. e5 Nd5 7. d4 cxd4 8. cxd4 O-O 9. Nc3 Nc7 10. Bc4 d5 11. exd6 Qxd6 12. Be3 Rd8 {[%emt 0:00:30][%cal Oc8e6] Black is slightly better.} 13. Re1 Be6 $1 (13... Nxd4 $6 14. Nxd4 Bxd4 15. Bxd4 Qxd4 16. Rxe7 $16) 14. Bxe6 Nxe6 15. Qe2 Nb4 (15... Bxd4 16. Nb5 Qc5 17. Rac1 $15) (15... a6 $17 16. h3 Nexd4 (16... Ncxd4 17. Nxd4 Nxd4 18. Bxd4 $15) 17. Bxd4 Nxd4 18. Nxd4 Bxd4) 16. Red1 Nd5 17. Qb5 f5 18. Bg5 (18. Qxb7 $2 Nxc3 19. bxc3 Rdb8 $19) 18... h6 19. Nxd5 (19. Bd2 $11) 19... hxg5 $17 (19... Nxg5 20. Nc3 $15) 20. Ne3 g4 (20... Bxd4 $2 21. Nc2 Bxf2+ (21... a6 $2 22. Qb3 $18) 22. Kxf2 Qb6+ 23. Qxb6 axb6 24. Re1 $18) (20... Nxd4 21. Qc4+ e6 22. Nxd4 Bxd4 23. Nc2 Bxf2+ 24. Kxf2 Qb6+ 25. Kf1 $16) 21. Ne5 Nxd4 22. Qc4+ {[%emt 0:00:30] [#]} e6 $1 (22... Kh7 23. Nf7 b5 24. Ng5+ Kh6 (24... Kh8 25. Qf7 $11) 25. Nf7+ Kh7 26. Ng5+ Kh6 (26... Kh8 27. Qf7 $11) 27. Nf7+ Kh7 $11) 23. Nxg6 (23. Rxd4 {was worth a try.} Qxe5 (23... Qxd4 $2 {is the wrong capture.} 24. Qxe6+ Kh7 25. Qxg6+ Kg8 26. Qe6+ Kh7 27. Qxf5+ Kg8 28. Qe6+ Kh7 29. Nf7 $18) 24. Rdd1) 23... Kh7 24. Nh4 Rac8 25. Qf1 Bf6 26. Nhxf5 exf5 27. Nxf5 Qa6 ({Black should try} 27... Qf4 $19 28. Ng3 Kg6) 28. Qxa6 bxa6 29. Ne3 Nb5 30. a4 {[%emt 0:00:30] Hoping for Rxd8.} Bxb2 31. Rxd8 Rxd8 32. Rb1 {[%emt 0:00:30] [#]} Rc8 $2 {[%emt 0:00:30][%mdl 8192] Loses the game.} 33. axb5 $18 (33. Rxb2 Rc1+ 34. Nf1 Nd4 $14) 33... axb5 $2 (33... Bd4 {is a better defense.} 34. bxa6 (34. Nxg4 axb5 35. Kf1 Rb8 $11) 34... Rc6 35. Nxg4 Rxa6 36. Rb7+ Kg8) 34. Rxb2 {[%emt 0:00:30][%mdl 4096] Endgame. KRN-KR} Rc1+ 35. Nf1 a6 36. g3 Kg7 37. Ra2 Rc6 38. Ne3 Kf6 39. Nd5+ Ke5 40. Nb4 Rc1+ 41. Kg2 {[%emt 0:00:30] White wants to mate with Nd3+.} Rc4 42. Nxa6 Kd5 43. Rb2 Kc6 {[%emt 0:00:30] [#]} 44. Rc2 $3 Kd5 {[%emt 0:00:30] Weighted Error Value: White=0.16 (very precise) /Black=0.44.  Loses game:     	---       	Black=1      Mistake:       	White=2     	Black=3      Inaccurate:     	White=1     	Black=2      OK:         	White=10    	Black=7      Best:        	White=5     	Black=3      Strong:       	---       	Black=2} (44... Kb6 45. Rxc4) 1-0

[Event "Israel Open Championship 2023"]
[Site "Acre"]
[Date "2024.01.29"]
[Round "9.24"]
[White "Pevzner, Maks"]
[Black "Kopelevich, Boris"]
[Result "1-0"]
[ECO "E73"]
[WhiteElo "2072"]
[BlackElo "2006"]
[Annotator "NA RC"]
[PlyCount "79"]
[EventDate "2024.01.18"]
[EventType "swiss"]
[EventCountry "ISR"]
[SourceTitle "playchess.com"]
[Source "ChessBase"]
[SourceQuality "1"]
[TimeControl "5400+30"]

1. c4 Nf6 2. Nc3 g6 3. e4 d6 4. d4 Bg7 5. Be2 O-O 6. Bg5 h6 7. Be3 e5 8. d5 Nbd7 9. Qd2 Kh7 10. g4 Nc5 11. f3 a5 12. h4 Bd7 13. Nh3 Ne8 14. h5 g5 15. b3 Bf6 16. Nf2 Be7 17. O-O Nf6 18. Kg2 Qc8 19. Qb2 b6 20. a3 Nb7 21. b4 Rg8 22. Rh1 Qf8 23. Rac1 Qg7 24. Nd3 Rgb8 25. Nd1 Ng8 26. N1f2 Qf8 27. Rb1 Qc8 28. Rhc1 f6 29. Qc2 Ra7 30. c5 axb4 31. c6 Bxg4 32. fxg4 Nc5 33. axb4 Nxd3 34. Nxd3 Rba8 35. b5 Ra4 36. Nb4 Ra3 37. Rb3 R3a4 38. Na6 Bd8 39. Rbb1 Ra3 40. Bf2 1-0

[Event "Israel Open Championship 2023"]
[Site "Acre"]
[Date "2024.01.29"]
[Round "9.25"]
[White "Menahem, Adi"]
[Black "Rinberg, David"]
[Result "1-0"]
[ECO "A45"]
[WhiteElo "2062"]
[BlackElo "1790"]
[Annotator "NA RC"]
[PlyCount "75"]
[EventDate "2024.01.18"]
[EventType "swiss"]
[EventCountry "ISR"]
[SourceTitle "playchess.com"]
[Source "ChessBase"]
[SourceQuality "1"]
[TimeControl "5400+30"]

1. d4 Nf6 2. Bf4 g6 3. Nc3 d5 4. Nb5 Na6 5. e3 Bg7 6. h3 O-O 7. Nf3 b6 8. Be2 c5 9. O-O Bb7 10. c3 Nd7 11. Qa4 Nab8 12. Nc7 Bc6 13. Bb5 Bxb5 14. Nxb5 a6 15. Nc7 e5 16. Nxe5 Bxe5 17. Bxe5 Nxe5 18. Nxa8 Ned7 19. dxc5 Nxc5 20. Qb4 Nbd7 21. Nxb6 Qxb6 22. Qxb6 Nxb6 23. Rac1 Rc8 24. Rfd1 f6 25. f3 Nca4 26. Rc2 Kf7 27. Kf2 Ke6 28. Rd4 Nc4 29. e4 dxe4 30. Rxe4+ Kf7 31. b3 Na3 32. Rd2 Nxc3 33. Rd7+ Kf8 34. Re6 Ncb5 35. Rxh7 Rc2+ 36. Kg3 Nd4 37. Rxa6 Nf5+ 38. Kh2 1-0

[Event "Israel Open Championship 2023"]
[Site "Acre"]
[Date "2024.01.29"]
[Round "9.26"]
[White "Levitan, Ronit"]
[Black "Meizlin, Yaacov"]
[Result "1-0"]
[ECO "B07"]
[WhiteElo "2101"]
[BlackElo "1857"]
[Annotator "NA RC"]
[PlyCount "123"]
[EventDate "2024.01.18"]
[EventType "swiss"]
[EventCountry "ISR"]
[SourceTitle "playchess.com"]
[Source "ChessBase"]
[SourceQuality "1"]
[TimeControl "5400+30"]

1. e4 d6 2. d4 Nf6 3. Nc3 c6 4. a4 a5 5. Nf3 Bg4 6. Be2 Nbd7 7. Be3 Qc7 8. h3 Bxf3 9. Bxf3 e5 10. Be2 Be7 11. O-O O-O 12. Qd2 Rad8 13. Rad1 d5 14. exd5 Nxd5 15. Nxd5 cxd5 16. dxe5 Nxe5 17. Bf4 Bf6 18. c3 Qb6 19. Bb5 d4 20. cxd4 Rxd4 21. Be3 Rxd2 22. Bxb6 Rxb2 23. Bxa5 Nc6 24. Bb6 h6 25. Rfe1 g6 26. Rd7 Rb8 27. Bc7 Rf8 28. Bd6 Rc8 29. Rxb7 Bd4 30. Re2 Rxe2 31. Bxe2 Na5 32. Rb8 Rxb8 33. Bxb8 Kf8 34. Bd6+ Ke8 35. Bb5+ Kd8 36. Kf1 Nb7 37. Bb4 Bb6 38. Ke2 Kc7 39. Be8 Nd8 40. Bd2 g5 41. Bc3 Kd6 42. f3 Ke7 43. Bb5 Ne6 44. Kd2 Nf4 45. Bf1 Nd5 46. Bb2 Ne3 47. Ke2 Nc4 48. Bc1 f5 49. Kd3 Ne5+ 50. Kc3 Nc6 51. Kc4 Bc7 52. Be3 g4 53. hxg4 fxg4 54. Kb5 Ne5 55. f4 Nf7 56. Kc6 Ba5 57. Bb6 Bd2 58. a5 Bxf4 59. a6 Ne5+ 60. Kb7 Nd7 61. Bd4 Bb8 62. Bb5 1-0

[Event "Israel Open Championship 2023"]
[Site "Acre"]
[Date "2024.01.29"]
[Round "9.27"]
[White "Noy, Shalom"]
[Black "Taieb, Ariel"]
[Result "0-1"]
[ECO "D13"]
[WhiteElo "1924"]
[BlackElo "1986"]
[Annotator "NA RC"]
[PlyCount "108"]
[EventDate "2024.01.18"]
[EventType "swiss"]
[EventCountry "ISR"]
[SourceTitle "playchess.com"]
[Source "ChessBase"]
[SourceQuality "1"]
[TimeControl "5400+30"]

1. d4 d5 2. c4 c6 3. cxd5 cxd5 4. Nf3 Nf6 5. Nc3 Nc6 6. Bf4 a6 7. Rc1 Bf5 8. e3 Rc8 9. Be2 e6 10. O-O Be7 11. Nh4 Be4 12. Nf3 Bxf3 13. Bxf3 O-O 14. a3 Na5 15. Be2 b5 16. Na2 Nc4 17. Bxc4 bxc4 18. f3 Nh5 19. Bg3 Nxg3 20. hxg3 Rb8 21. Rf2 Rb3 22. Rc3 Qb8 23. Rxb3 cxb3 24. Nc3 Qxg3 25. Qxb3 Bd6 26. Kf1 Qh2 27. f4 Rb8 28. Qc2 Qh1+ 29. Ke2 Be7 30. Kd3 Bh4 31. Re2 Bg3 32. Na4 h5 33. Kd2 Qa1 34. Kd3 Be1 35. Nc5 Bh4 36. Nxa6 Rb6 37. Nc5 Be7 38. Nd7 Rb5 39. Nc5 h4 40. a4 Rb4 41. b3 Bxc5 42. dxc5 Qa3 43. Kc3 Rc4+ 44. Kd2 Rxc2+ 45. Kxc2 Qa2+ 46. Kd1 Qxb3+ 47. Rc2 Qxa4 48. c6 Qa6 49. Kd2 f6 50. c7 Qc8 51. Ke2 Kf7 52. Kf3 e5 53. e4 d4 54. f5 Ke7 0-1

[Event "Israel Open Championship 2023"]
[Site "Acre"]
[Date "2024.01.29"]
[Round "9.28"]
[White "Iliaguev, Kafar"]
[Black "Gunders, Elad"]
[Result "1-0"]
[ECO "D00"]
[WhiteElo "2291"]
[BlackElo "1792"]
[Annotator "TA"]
[PlyCount "91"]
[EventDate "2024.01.18"]
[EventType "swiss"]
[EventCountry "ISR"]
[SourceTitle "playchess.com"]
[Source "ChessBase"]
[SourceQuality "1"]
[TimeControl "5400+30"]

1. d4 d5 2. Bf4 c5 3. e3 Nc6 4. c3 Qb6 5. Qb3 c4 6. Qc2 e5 7. dxe5 {[%emt 0:00:07] Black must now prevent e4.} Bf5 8. Qc1 {[%emt 0:00:13] White has an edge.} g5 9. Bg3 h5 10. h3 Bg7 11. Nf3 g4 12. hxg4 hxg4 13. Rxh8 Bxh8 14. Nd4 Nge7 15. Na3 Bxe5 16. Bxe5 Nxe5 17. Nxf5 Nxf5 18. Qc2 Qe6 19. O-O-O g3 20. e4 dxe4 21. Qxe4 Nd6 {[%emt 0:01:23][%mdl 8192] [#] Dodges Nb5. Black is now going downhill.} (21... gxf2 $15 {keeps the upper hand.} 22. Qf4 Qh6 23. Qxh6 Nxh6 24. Nxc4 Neg4) 22. Qh4 $2 (22. Rxd6 $1 $18 {is the precise move to win.} Qxd6 23. Nxc4 (23. Qxb7 $2 {too greedy.} Rd8 $19) (23. f4 $2 O-O-O $19)) 22... Ng6 (22... gxf2 $16 {is a better defense.} 23. Qxf2 (23. Qh8+ Ke7 $14) 23... a6) 23. Qxg3 $18 O-O-O 24. Qg5 Ne7 25. Qc5+ Nc6 26. Nxc4 Nxc4 27. Qxc4 Rxd1+ 28. Kxd1 {[%emt 0:00:20][%mdl 4096] Endgame. Qxe6+ is the strong threat. KQB-KQN} Qd6+ 29. Qd3 Qf4 30. Qd2 Qe4 31. Kc1 {[%emt 0:01:24] Prevents Qb1+} Ne5 32. b3 f6 33. Kb2 Ng4 34. Bd3 Qe5 35. f4 Qd5 36. Qe2 Nf2 (36... f5 $142 37. Bc4 Qc5) 37. Bc4 Qxg2 (37... Qc5 $142 38. Qe8+ Kc7 39. Qf7+ Kb8 40. Qxf6 Kc8 41. Qe6+ Kd8) 38. Qe8+ Kc7 39. Qe7+ Kb6 40. Qxf6+ Kc7 {[%emt 0:01:55] [#] ( -> ...Nd3+)} 41. Qe5+ Kc6 42. Bb5+ {[%emt 0:01:52] White mates.} Kb6 43. Qd6+ Kxb5 44. a4+ Ka5 45. Qb4+ Ka6 46. Qb5# {[%emt 0:39:47] Weighted Error Value: White=0.25 (precise) /Black=0.49.  Loses game:     	---       	Black=1      Mistake:       	White=1     	Black=3      Inaccurate:     	White=1     	Black=2      OK:         	White=15    	Black=8      Best:        	White=1     	Black=1} 1-0

[Event "Israel Open Championship 2023"]
[Site "Acre"]
[Date "2024.01.29"]
[Round "9.29"]
[White "Zakin, Ilay"]
[Black "Blumenthal, Yonatan"]
[Result "1-0"]
[ECO "C77"]
[WhiteElo "2009"]
[BlackElo "1496"]
[Annotator "NA RC"]
[PlyCount "183"]
[EventDate "2024.01.18"]
[EventType "swiss"]
[EventCountry "ISR"]
[SourceTitle "playchess.com"]
[Source "ChessBase"]
[SourceQuality "1"]
[TimeControl "5400+30"]

1. e4 e5 2. Nf3 Nc6 3. Bb5 a6 4. Ba4 Nf6 5. Nc3 b5 6. Bb3 d6 7. Ng5 d5 8. Nxd5 Na5 9. Nxf6+ Qxf6 10. Nf3 Nxb3 11. axb3 Bc5 12. d3 Qg6 13. O-O f6 14. Nh4 Qf7 15. Be3 Bxe3 16. fxe3 O-O 17. Nf5 Bxf5 18. exf5 Rfd8 19. Qg4 Qd5 20. Rf3 Qc5 21. Rg3 Rd7 22. Rc1 a5 23. h4 Qb4 24. h5 h6 25. Qe2 c6 26. Qe1 Qd6 27. Rg4 Rb7 28. Ra1 Qc5 29. Qd2 Kh7 30. b4 Qd6 31. bxa5 b4 32. Rc4 c5 33. Qe2 Rb5 34. Qf3 Raxa5 35. Rxa5 Rxa5 36. Qb7 e4 37. Qf7 Ra1+ 38. Kf2 Qh2 39. Qg6+ Kg8 40. Qe8+ Kh7 41. Qg6+ Kg8 42. Qe8+ Kh7 43. Qxe4 Rh1 44. Qf4 Qg1+ 45. Kf3 Qf1+ 46. Kg3 Qe2 47. Qf3 Qe1+ 48. Qf2 Qd1 49. Qf3 Qe1+ 50. Qf2 Qd1 51. Rf4 Qxh5 52. Rg4 Qh2+ 53. Kf3 Qe5 54. e4 Rb1 55. b3 Rb2 56. Rg6 c4 57. d4 Qc7 58. d5 cxb3 59. d6 Qxd6 60. Qa7 Qf8 61. cxb3 Rxb3+ 62. Kg4 Rb2 63. Kh5 Re2 64. Qb7 Kh8 65. Rg3 Re1 66. Kg4 Qe8 67. Kf3 Qh5+ 68. Rg4 Rf1+ 69. Kg3 g5 70. Qxb4 Qf7 71. Kh2 h5 72. Rg3 h4 73. Rc3 Qe8 74. Qd6 Qe5+ 75. Qxe5 fxe5 76. Rc5 Kg7 77. Rxe5 Rf4 78. Re7+ Kf6 79. Re6+ Kf7 80. Kh3 Kf8 81. Rg6 Rxe4 82. Rxg5 Kf7 83. Rg4 Re3+ 84. Kxh4 Kf6 85. Rf4 Re2 86. g4 Rg2 87. Ra4 Ke5 88. Kg5 Rg1 89. Ra5+ Kd6 90. Ra6+ Ke7 91. f6+ Kf7 92. Ra7+ 1-0

[Event "Israel Open Championship 2023"]
[Site "Acre"]
[Date "2024.01.29"]
[Round "9.30"]
[White "Moshenberg, David"]
[Black "Dezent, Eyal"]
[Result "0-1"]
[ECO "D35"]
[WhiteElo "1847"]
[BlackElo "1947"]
[Annotator "NA RC"]
[PlyCount "96"]
[EventDate "2024.01.18"]
[EventType "swiss"]
[EventCountry "ISR"]
[SourceTitle "playchess.com"]
[Source "ChessBase"]
[SourceQuality "1"]
[TimeControl "5400+30"]

1. d4 d5 2. c4 e6 3. Nc3 c6 4. cxd5 exd5 5. Nf3 Nf6 6. Bf4 Bd6 7. Bxd6 Qxd6 8. e3 Bf5 9. Bd3 Bxd3 10. Qxd3 Nbd7 11. O-O O-O 12. Rae1 Rae8 13. Qf5 h6 14. Re2 g6 15. Qh3 Kg7 16. Qg3 Qxg3 17. hxg3 Ne4 18. Nxe4 Rxe4 19. Nd2 Re6 20. Nb3 f5 21. Rc2 Rf7 22. Nc5 Nxc5 23. Rxc5 g5 24. b4 a6 25. a4 f4 26. gxf4 gxf4 27. Re1 Kg6 28. b5 axb5 29. axb5 Kf5 30. bxc6 bxc6 31. Rec1 fxe3 32. fxe3 Rff6 33. Rf1+ Ke4 34. Rxf6 Rxf6 35. Rc3 h5 36. Kh2 h4 37. Kh3 Rg6 38. Kh2 Rg3 39. Rxc6 Kxe3 40. Rh6 Rg4 41. Kh3 Rxd4 42. Rxh4 Rxh4+ 43. Kxh4 d4 44. g4 d3 45. g5 d2 46. g6 d1=Q 47. Kg5 Qd8+ 48. Kh6 Qg8 0-1